 Dungeon Crawl Stone Soup version 0.18-a0-1805-g8ab820f (webtiles) character file.

14 Gottschkopf the Ruffian (level 2, -1/25 HPs)
             Began as a Naga Transmuter on Apr 26, 2016.
             Slain by an adder (2 damage)
             ... on level 2 of the Dungeon.
             The game lasted 00:03:36 (1224 turns).

Gottschkopf the Ruffian (Naga Transmuter)           Turns: 1224, Time: 00:03:37

Health: -1/25      AC:  2    Str: 12    XL:     2   Next: 41%
Magic:  4/5        EV:  9    Int: 13    God:
Gold:   17         SH:  5    Dex: 11    Spells: 2 memorised, 2 levels left

rFire  . . .     SeeInvis +       - Unarmed
rCold  . . .     Gourm    .     b - +0 robe
rNeg   . . .     Faith    .     l - +2 buckler
rPois  +         Spirit   .     (no helmet)
rElec  .         Dismiss  .     i - +0 cloak
rCorr  .         Reflect  .     (no gloves)
SustAt .         Harm     .     (no barding)
MR     .....                    (no amulet)
Stlth  +.........               (no ring)
                                (no ring)

@: very slow, not resistant to hostile enchantments, very unstealthy
A: see invisible, deformed body, poison resistance, slowness 2, slow metabolism
1, spit poison 2, AC +0
a: Spit Poison


You were on level 2 of the Dungeon.
You were not hungry.

You visited 1 branch of the dungeon, and saw 2 of its levels.

You collected 17 gold pieces.

Inventory:

Missiles
 a - 12 arrows
Armour
 b - a +0 robe (worn)
 i - a +0 cloak (worn)
 l - a +2 buckler (worn)
Scrolls
 e - a scroll of identify {unknown}
 f - a scroll of fog {unknown}
 g - 3 scrolls of teleportation {unknown}
 k - 2 scrolls of remove curse {unknown}
 o - a scroll of enchant weapon {unknown}
 q - a scroll of recharging {unknown}
 r - 3 scrolls of magic mapping {unknown}
 s - a scroll of amnesia {unknown}
Potions
 h - a potion of ambrosia {unknown}
 j - a potion of flight {unknown}
 m - a potion of agility {unknown}
 p - 2 potions of curing {unknown}
Books
 c - a book of Changes

   Spells                             Type                      Level
   a - Beastly Appendage              Transmutation                1
   b - Sticks to Snakes               Transmutation                2
   c - Spider Form                    Transmutation/Poison         3
   d - Ice Form                       Ice/Transmutation            4
   e - Blade Hands                    Transmutation                5
Comestibles
 d - a bread ration
 n - 3 chunks of flesh


   Skills:
 - Level 1.0 Fighting
 - Level 1.5 Dodging
 * Level 1.0 Shields
 - Level 3.3 Unarmed Combat
 - Level 2.0 Spellcasting
 - Level 2.0 Transmutations


You had 2 spell levels left.
You knew the following spells:

 Your Spells              Type           Power        Failure   Level  Hunger
a - Beastly Appendage     Trmt           #.....       14%         1    ##.....
b - Sticks to Snakes      Trmt           #.......     21%         2    ###....


Dungeon Overview and Level Annotations

Branches:
Dungeon (2/15)

Altars:


Innate Abilities, Weirdness & Mutations

You cannot wear boots.
Your serpentine skin is tough (AC +0).
You have supernaturally acute eyesight.
Armour fits poorly on your strangely shaped body.
Your system is resistant to poisons.
You cover ground very slowly.
You have a slow metabolism.
You can spit poison.


Message History

The kobold barely misses you. The adder bites you.
You closely miss the adder.
The adder is moderately wounded.
The kobold barely misses you. The adder barely misses you.
You miss the adder. Your headbutt misses the adder.
The adder is moderately wounded.
The adder bites you.
* * * LOW HITPOINT WARNING * * *
The kobold closely misses you.
You hit the adder.
The adder is severely wounded.
The adder bites you.
* * * LOW HITPOINT WARNING * * *
The kobold hits you.
* * * LOW HITPOINT WARNING * * *
You barely miss the adder. Your headbutt misses the adder.
The adder is severely wounded.
Your horns disappear.
The adder bites you.
You die...

..######.#.
......#...
.#........#
..........
..........
#####.........
...#SK.......
#####.#@........
................
#######.##..#####
..................
######.##########
#.# #.# #.# #.#


You could see an adder and a kobold.

Vanquished Creatures
  A dart slug (D:1)
  2 giant geckos (D:1)
  2 hobgoblins (D:1)
  2 giant newts (D:1)
  A goblin (D:1)
  A kobold (D:1)
  2 rats (D:1)
11 creatures vanquished.

Vanquished Creatures (others)
  5 toadstools (D:1)
5 creatures vanquished.

Grand Total: 16 creatures vanquished

Notes
Turn   | Place    | Note
--------------------------------------------------------------
     0 | D:1      | Gottschkopf the Naga Transmuter began the quest for the Orb.
     0 | D:1      | Reached XP level 1. HP: 18/18 MP: 3/3
   851 | D:1      | Reached XP level 2. HP: 22/25 MP: 3/5
   868 | D:1      | Learned a level 2 spell: Sticks to Snakes
  1080 | D:1      | Reached skill level 1 in Shields
  1223 | D:2      | HP: 1/25 [kobold (4)]
  1224 | D:2      | Slain by an adder

Vault maps used:
D:1:      ldierk_walled_garden
D:2:      minmay_cupped, uniq_natasha

Skill      XL: |  1  2 |
---------------+-------+-----
Shields        | 1 |  1.0
Fighting       | |  1.0
Dodging        | |  1.5
Unarmed Combat | |  3.3
Spellcasting   | |  2.0
Transmutations | |  2.0

Action                   || total
-------------------------++-------
Melee: Unarmed           ||    61
       Headbutt          ||     3
 Cast: Beastly Appendage ||     7
 Abil: Spit Poison       ||     2
Armor: Robe              ||     6
Dodge: Dodged            ||    37
Block: Buckler           ||     1
